 Dungeon Crawl Stone Soup version 0.31-a0-1005-gfbdfbac (webtiles) character file.

Game seed: 6481511703373708880

342 Partyfoot the Conjurer (level 6, -2/50 HPs)
             Began as a Draconian Conjurer on Nov 11, 2023.
             Slain by a sky beast (5 damage)
             ... on level 6 of the Dungeon.
             The game lasted 00:15:02 (4064 turns).

Partyfoot the Conjurer (Draconian Conjurer)         Turns: 4064, Time: 00:15:02

Health: -2/50      AC:  7    Str: 10    XL:     6   Next: 30%
Magic:  4/20       EV: 12    Int: 20    God:
Gold:   373        SH:  0    Dex:  9    Spells: 7/12 levels left

rFire   . . .        e - +0 short sword
rCold   . . .        (no shield)
rNeg    . . .        (body armour unavailable)
rPois   .            (helmet restricted)
rElec   .            (no cloak)
rCorr   .            r - +0 pair of gloves
SInv    .            (no boots)
Will    .....        o - amulet of regeneration
Stlth   ++           u - ring of magical power
HPRegen 1.08/turn    (no ring)
MPRegen 0.17/turn

%: no passive effects
@: no status effects
A: AC +6, unfitting armour, cold-blooded
a: no special abilities


You were on level 6 of the Dungeon.
You visited 1 branch of the dungeon, and saw 5 of its levels.

You collected 412 gold pieces.
You spent 39 gold pieces at shops.

Inventory:

Hand Weapons
 e - a +0 short sword (weapon)
 n - a +3 sling
Missiles
 b - 2 throwing nets
 h - 29 stones
Armour
 r - a +0 pair of gloves (worn)
Magical Staves
 w - a staff of air
Jewellery
 o - an amulet of regeneration (around neck)
 u - a ring of magical power (left hand)
Scrolls
 f - a scroll of immolation {unknown}
 g - 3 scrolls of teleportation {unknown}
 k - 2 scrolls of poison {unknown}
 l - 3 scrolls of identify {unknown}
 s - a scroll of amnesia {unknown}
 t - a scroll of fear {unknown}
 v - a scroll of blinking {unknown}
Potions
 a - a potion of magic
 d - 3 potions of haste {unknown}
 i - a potion of might {unknown}
 j - a potion of brilliance {unknown}
 m - a potion of heal wounds {unknown}
 p - a potion of enlightenment {unknown}
 q - a potion of curing


   Skills:
 + Level 2.4 Fighting
 + Level 3.3 Dodging
 - Level 2.6 Stealth
 + Level 3.5 Spellcasting
 - Level 4.4 Conjurations
 + Level 2.2 Translocations


You had 7 spell levels left.
You knew the following spells:

 Your Spells              Type           Power      Damage    Failure   Level
a - Magic Dart            Conj           84%        1d7       2%          1
b - Iskenderun's Mystic   Conj/Tloc      16%        2d5       34%         4

Your spell library contained the following spells:

 Spells                   Type           Power      Damage    Failure   Level
 Searing Ray              Conj           42%        2d6       3%          2
 Necrotise                Necr           12%        1d4       14%         1
 Dazzling Flash           Conj/Hex       24%        N/A       16%         3
 Vampiric Draining        Necr           3%         2d6       38%         3
 Fulminant Prism          Conj/Hex       6%         3d6       47%         4
 Agony                    Necr           3%         N/A       98%         5


Dungeon Overview and Level Annotations

Branches:
Dungeon (4/15)
 Temple: D:4-7

Altars:
Trog
Uskayaw

Shops:
D:3 =(!


Innate Abilities, Weirdness & Mutations

Your plain brown scales are hard. (AC +6)
You cannot fit into any form of body armour.
You are cold-blooded and may be slowed by cold attacks.


Message History

Aiming: Magic Dart (safe; 2% risk of failure)
Press: ? - help, Shift-Dir - straight line The magic dart hits something.
Something hits you but does no damage.
Casting: Magic Dart (safe; 2% risk of failure)
Confirm with . or Enter, or press ? or * to list all spells.
Aiming: Magic Dart (safe; 2% risk of failure)
Press: ? - help, Shift-Dir - straight line The magic dart hits something.
Something hits you but does no damage.
Casting: Magic Dart (safe; 2% risk of failure)
Confirm with . or Enter, or press ? or * to list all spells.
Aiming: Magic Dart (safe; 2% risk of failure)
Press: ? - help, Shift-Dir - straight line The magic dart hits something but does no damage.
Something barely misses you.
Casting: Magic Dart (safe; 2% risk of failure)
Confirm with . or Enter, or press ? or * to list all spells.
Aiming: Magic Dart (safe; 2% risk of failure)
Press: ? - help, Shift-Dir - straight line The magic dart hits something.
Something hits you but does no damage.
Casting: Magic Dart (safe; 2% risk of failure)
Confirm with . or Enter, or press ? or * to list all spells.
Aiming: Magic Dart (safe; 2% risk of failure)
Press: ? - help, Shift-Dir - straight line The magic dart hits something.
A sky beast appears from thin air!
Reactivating autopickup.
The sky beast hits you.
* * * LOW HITPOINT WARNING * * *
The sky beast shocks you.
* * * LOW HITPOINT WARNING * * *
Casting: Magic Dart (safe; 2% risk of failure)
Confirm with . or Enter, or press ? or * to list all spells.
Aiming: Magic Dart (safe; 2% risk of failure)
Press: ? - help, Shift-Dir - straight line, f - sky beast
Aim: a sky beast (rain, almost dead, 100% to hit)
The magic dart hits the sky beast.
The sky beast is almost dead.
The sky beast hits you.
* * * LOW HITPOINT WARNING * * *
The sky beast shocks you.
You die...

##..# ###...#
##
##.....###...#
#......'...c..
##.....#.$...Y
###...# ....$
##..# ....
##Y# $..
###@### .#
###..[..### #
#.........#
#.........#
#.........#
#.........#
#.........#
#.........#
###.....#+# #


You could see a sky beast.

Vanquished Creatures
  An ogre (D:6)
  A scorpion (D:6)
  Robin (D:3)
  7 adders
  2 shadow imps (D:6)
  2 worms
  A dart slug (D:2)
  4 orcs (D:3)
  4 ball pythons
  3 endoplasms
  7 giant cockroaches
  15 goblins
  7 hobgoblins
  6 jackals
  8 kobolds
  3 quokkas
  5 bats
  5 frilled lizards
  11 rats
93 creatures vanquished.

Vanquished Creatures (collateral kills)
  An adder (D:3)
  A goblin (D:3)
2 creatures vanquished.

Vanquished Creatures (others)
  2 goblins (D:3)
2 creatures vanquished.

Grand Total: 97 creatures vanquished

Notes
Turn   | Place    | Note
-------+----------+-------------------------------------------
     0 | D:1      | Partyfoot the Draconian Conjurer began the quest for the
                  | Orb.
     0 | D:1      | Reached XP level 1. HP: 14/14 MP: 3/3
     5 | D:1      | Noticed a death yak
    12 | D:1      | Noticed a black mamba
   224 | D:1      | Reached XP level 2. HP: 17/20 MP: 0/5
   478 | D:1      | Found a faded altar of an unknown god.
  1246 | D:2      | Reached XP level 3. HP: 26/26 MP: 3/6
  2011 | D:2      | Reached XP level 4. HP: 33/33 MP: 1/7
  2205 | D:2      | Learned a level 4 spell: Iskenderun's Mystic Blast
  2381 | D:3      | Found Wywutot's Distillery.
  2387 | D:3      | Bought a potion of curing for 39 gold pieces
  2415 | D:3      | Found a bloodstained altar of Trog.
  2450 | D:3      | Found Zoruv's Weapon Shop.
  2670 | D:3      | Identified the +8 short sword of Balance {pain, rF+ MP+9
                  | Int+3}
  2734 | D:3      | Reached skill level 1 in Fighting
  3108 | D:3      | Reached skill level 1 in Translocations
  3108 | D:3      | Reached XP level 5. HP: 40/40 MP: 9/9
  3152 | D:3      | Noticed Robin
  3163 | D:3      | Killed Robin
  3340 | D:3      | Found a hide-covered altar of Uskayaw.
  3539 | D:3      | Found Karhim's Jewellery Emporium.
  3803 | D:4      | You fall into a shaft and drop 2 floors!
  3907 | D:6      | Noticed an ice beast
  3924 | D:6      | Noticed an ogre
  3936 | D:6      | Killed an ogre
  3937 | D:6      | Reached XP level 6. HP: 40/50 MP: 5/11
  4036 | D:6      | Noticed a sky beast
  4064 | D:6      | Slain by a sky beast

Illustrated notes

Levels and vault maps discovered:
D:1:      sevenhm_arrival_forest_fort_small_2, layout_basic,
          shapermc_ecumenical_altar_venn
D:2:      layout_loops_ring, nrook_mini_vaults, serial_bayou_pond_c
D:3:      layout_loops_ring, nicolae_uskayaw_suspiria,
          mainiacjoe_overflow_paths, serial_shops, shop,
          nicolae_shop_window_shopping, nicolae_shop_window_shopping,
          minmay_strange_pillars, uniq_robin
D:4:      layout_rooms, uniq_sigmund
D:6:      minmay_polygon_palace, layout_cave_pools,
          mainiacjoe_overflow_alcove_2, overflow_temple_1_default,
          minmay_temple_entry_fiery, gammafunk_ghost_cemetery

Skill      XL: |  1  2  3  4  5 |
---------------+----------------+-----
Stealth        | 2 |  2.6
Dodging        | 2 3 |  3.3
Fighting       | 1 2 |  2.4
Spellcasting   | 3 |  3.5
Translocations | 1 2 |  2.2
Conjurations   | |  4.4

Action                     |  1- 3 |  4- 6 || total
---------------------------+-------+-------++-------
  Melee: Unarmed           |    63 |       ||    63
         Tailslap          |    11 |     4 ||    15
         Short sword       |    18 |    26 ||    44
   Cast: Magic Dart        |    82 |   119 ||   201
         Iskenderun's Myst |       |     1 ||     1
   Stab: Sleeping          |     1 |     2 ||     3
 Armour: Skin              |    63 |    29 ||    92
  Dodge: Dodged            |    65 |    35 ||   100

Table legend: (Time is in decaauts)
 A = Elapsed time spent in this place.
 B = Non-inter-level travel time spent in this place.
 C = Inter-level travel time spent in this place.
 D = Time resting spent in this place.
 E = Time spent auto-exploring this place.
 F = Levels seen in this place.
 G = Mean time per level.
                   A        B        C        D        E       F      G
               +--------+--------+--------+--------+--------+-----+--------+
         Total |   4064 |   3866 |    198 |    155 |   3081 |   5 |  812.8 |
       Dungeon |   4064 |   3866 |    198 |    155 |   3081 |   5 |  812.8 |
               +--------+--------+--------+--------+--------+-----+--------+

Top non-repeatable levels by time:
     D:3: 1316 daAuts
     D:1: 1192 daAuts
     D:2: 1190 daAuts
     D:6: 260 daAuts
     D:4: 104 daAuts
